 Dungeon Crawl Stone Soup version 0.29-a0-509-g793eeb5391 (webtiles) character file.

Game seed: 15961226583877025568

16298 Morbidden the Covert (level 12, -7/60 HPs)
             Began as a Spriggan Enchanter on May 28, 2022.
             Was an Elder of Wu Jian.
             Mangled by a komodo dragon (67 damage)
             ... on level 3 of the Lair of Beasts on May 29, 2022.
             The game lasted 00:32:36 (15087 turns).

Morbidden the Covert (Spriggan Enchanter)          Turns: 15087, Time: 00:32:36

Health: -7/60      AC:  7    Str:  4    XL:     12   Next: 8%
Magic:  25/27      EV:  4    Int: 18    God:    Wu Jian [****..]
Gold:   399        SH:  0    Dex: 19    Spells: 13/32 levels left

rFire   . . .      SeeInvis +   a - +2 dagger (elec)
rCold   . . .      Faith    .   (no shield)
rNeg    + . .      Spirit   .   L - +1 troll leather armour
rPois   .          Reflect  .   (helmet restricted)
rElec   .          Harm     .   M - +1 cloak
rCorr   .          Rampage  .   (gloves unavailable)
Will    ++...                   (boots unavailable)
Stlth   +++++.....              (no amulet)
HPRegen 1.00/turn               w - ring of positive energy
MPRegen 0.20/turn               (no ring)

@: sleeping, very quick
A: very small, no large weapons, unfitting armour, see invisible, speed 3
a: Renounce Religion, Wall Jump, Serpent's Lash


You were on level 3 of the Lair of Beasts.
You worshipped Wu Jian.
Wu Jian was greatly pleased with you.
You visited 2 branches of the dungeon, and saw 14 of its levels.

You collected 747 gold pieces.
You spent 348 gold pieces at shops.

Inventory:

Hand Weapons
 a - a +2 dagger of electrocution (weapon)
 b - a +1 short sword of electrocution
Missiles
 G - a throwing net (quivered)
 K - a curare-tipped dart
Armour
 I - +0 acid dragon scales
 L - a +1 troll leather armour (worn)
 M - a +1 cloak (worn)
Jewellery
 w - a ring of positive energy (left hand)
Wands
 p - a wand of mindburst (4)
 y - a wand of flame (38)
 A - a wand of digging (13)
 E - a wand of charming (10)
 F - a wand of polymorph (3)
 O - a wand of paralysis (4)
 P - a wand of iceblast (5)
Scrolls
 d - a scroll of enchant armour
 g - 4 scrolls of amnesia
 j - 3 scrolls of summoning
 l - 5 scrolls of teleportation
 m - a scroll of brand weapon
 n - 2 scrolls of poison
 q - 6 scrolls of identify
 t - 2 scrolls of vulnerability
 u - a scroll of torment
 x - 2 scrolls of magic mapping
 C - a scroll of fog
Potions
 c - 6 potions of invisibility
 e - 6 potions of degeneration {unknown}
 f - a potion of magic {unknown}
 h - 3 potions of cancellation {unknown}
 i - 2 potions of mutation {unknown}
 k - 6 potions of curing
 o - a potion of brilliance {unknown}
 r - 2 potions of attraction {unknown}
 v - 9 potions of heal wounds
 z - a potion of lignification {unknown}
 B - 2 potions of might
 D - 2 potions of ambrosia {unknown}
 H - 2 potions of berserk rage
 Q - a potion of flight {unknown}
 R - a potion of haste {unknown}
Miscellaneous
 N - a condenser vane


   Skills:
 * Level 5.3 Fighting
 * Level 7.1 Short Blades
 + Level 1.3 Armour
 * Level 9.2 Dodging
 + Level 12.8 Stealth
 * Level 10.6 Spellcasting
 * Level 10.0 Hexes
 * Level 2.8 Necromancy
 + Level 3.7 Ice Magic
 + Level 2.1 Air Magic
 + Level 2.0 Poison Magic
 * Level 5.8 Evocations


You had 13 spell levels left.
You knew the following spells:

 Your Spells              Type           Power      Damage    Failure   Level
a - Ensorcelled Hibernat  Hex/Ice        68%        N/A       1%          2
b - Poisonous Vapours     Pois/Air       34%        N/A       9%          2
c - Anguish               Hex/Necr       16%        N/A       9%          4
d - Metabolic Englaciati  Hex/Ice        17%        N/A       22%         5
x - Tukima's Dance        Hex            45%        N/A       1%          3
z - Confusing Touch       Hex            45%        N/A       1%          3

Your spell library contained the following spells:

 Spells                   Type           Power      Damage    Failure   Level
 Dazzling Flash           Conj/Hex       54%        N/A       4%          3
 Ozocubu's Armour         Ice            23%        N/A       9%          3
 Sandblast                Erth           18%        2d7       13%         1
 Passwall                 Tmut/Erth      7%         N/A       19%         2
 Spider Form              Tmut/Pois      13%        N/A       26%         3
 Stone Arrow              Conj/Erth      18%        3d8       36%         3
 Animate Dead             Necr           19%        N/A       36%         4
 Corpse Rot               Necr/Pois/Air  18%        N/A       43%         4
 Borgnjor's Vile Clutch   Necr/Erth      7%         N/A       89%         5
 Death Channel            Necr           9%         N/A       99%         6
 Simulacrum               Ice/Necr       10%        N/A       99%         6


Dungeon Overview and Level Annotations

Branches:
Dungeon (11/15)            Temple (0/1) D:7            Lair (3/6) D:11
    Orc (0/2) D:9
  Swamp: Lair:2-4    Shoals: Lair:2-4     Snake: Lair:2-4    Spider: Lair:2-4

Altars:
Cheibriados
Dithmenos
Elyvilon
Gozag
Kikubaaqudgha
Qazlal
Sif Muna
Uskayaw
Wu Jian
Xom

Shops:
D:7 !   D:8 !   D:9 :

Annotations:
D:5 2 transporters, KateP's ghost, amateur MiFi
D:11 3 runed translucent doors, exclusion: obsidian statue, MrShunz's ghost, novice DECj


Innate Abilities, Weirdness & Mutations

You are very small and have problems with some larger weapons.
You are too small for most types of armour.
You have supernaturally acute eyesight. (SInv)
You cover ground extremely quickly. (Speed+++)


Message History

A blink frog and a hell rat come into view. 2 elephants and 2 hell rats come into view.
The elephant trumpets!
The hell rat roars deafeningly!
The elephant trumpets!
The blink frog gives a loud, deep croak!
You hear a deafening roar! x2; The komodo dragon hisses angrily.
You hear a loud, deep croak!
You hear a bleat!
You hear a croak.
You hear a trumpeting!
You hear a bleat! x4; You hear a deafening roar!
You hear an angry hiss.
You hear a croak.
You hear a deafening roar! x2
A blink frog comes into view.
A hell rat comes into view.
The blink frog blinks!
A dream sheep comes into view.
An elephant comes into view.
A dream sheep comes into view. x2
The hell rat moves out of view.
The blink frog croaks.
Unknown command.
Casting: Poisonous Vapours (safe; 9% risk of failure)
Confirm with . or Enter, or press ? or * to list all spells.
Aiming: Ensorcelled Hibernation (safe; 1% risk of failure)
Press: ? - help, Shift-Dir - straight line, f - komodo dragon
Aim: a komodo dragon (chance to affect: 45%)
The komodo dragon resists with some effort.
The dream sheep bleats!
The blink frog gives a loud, deep croak!
A dream sheep comes into view.
The komodo dragon completely misses you.
A blink frog comes into view.
A dream sheep and a hell rat come into view.
Unknown command.
The hell rat roars deafeningly!
You hit the blink frog.
The blink frog is lightly wounded.
You hear a trumpeting!
You hear a deafening roar!
The blink frog blinks!
Unknown command.
The dream sheep shake their wool and sparkle.
You feel drowsy...
You fall asleep.
A dream sheep comes into view.
An elephant comes into view.
The komodo dragon bites you!!!
Ouch! That really hurt!
You die...

*,,,,,....Y...## ##
***,,,,,..Y.Y.Y..# ##P
*,,,,,,,..Y......### #P.
,,,,,,,,..Y........# ##..
,,,,,,,,.Y.........## ##...
,,,,,,,,F.Y.F.......## ####...#
,,,,,,,,.rrrrr§F.....#####.#...##
,,,,*,,,,,,r,,#l......P##.#...##
,,,*,,,>.......#@.F....##.....#
,,*,**,,........##......#....##
******,,......##*#.........### ,*
*,,.....#** #P.......## **
*,,.....,,* ###.......## *
**,,....,*** **##.......## *
*,,,....,,* *,#....÷....### ***
*,,,,,,,,*****....#.......P##
,,***,,,,,,,,,**,#..............#


You could see 2 elephants, a komodo dragon, 3 blink frogs, 4 dream sheep and a
hell rat.

Vanquished Creatures
  Erolcha (D:11)
  A centaur warrior (D:11)
  A two-headed ogre (D:9)
  Urug (D:11)
  An ugly thing (D:11)
  An unseen horror (D:11)
  3 cane toads
  2 rime drakes
  A hornet (D:8)
  2 trolls (D:10)
  Prince Ribbit (D:5)
  Grinder (D:6)
  4 blink frogs (Lair:3)
  2 shadows (D:11)
  29 yaks
  Eustachio (D:6)
  Edmund (D:6)
  Menkaure (D:5)
  An acid dragon (D:9)
  6 water moccasins
  3 orc warriors
  2 sky beasts
  A black bear (D:6)
  An ice beast (D:5)
  An ogre (D:7)
  6 wolves
  7 centaurs
  2 kobold brigands
  2 gnoll sergeants
  6 bullfrogs
  2 scorpions (D:5)
  10 killer bees
  5 howler monkeys
  A vampire bat (D:5)
  A hound (D:6)
  10 orc priests
  Crazy Yiuf (D:6)
  Ijyb (D:3)
  2 iguanas
  14 orc wizards
  9 gnolls
  4 adders
  A shadow imp (D:5)
  A white imp (D:7)
  9 bats (D:5)
  3 ufetubi
  A worm (D:3)
  2 dart slugs
  3 fire bats (D:5)
  26 orcs
  A spectral bat (D:5)
  7 ball pythons
  3 bat skeletons (D:5)
  A bat zombie (D:5)
  5 endoplasms
  4 giant cockroaches
  4 goblins
  4 hobgoblins
  A bat simulacrum (D:5)
  3 frilled lizards
  7 kobolds
  5 rats
243 creatures vanquished.

Vanquished Creatures (collateral kills)
  2 orc wizards (D:11)
  A gnoll (D:9)
  2 orcs
  2 kobolds
7 creatures vanquished.

Vanquished Creatures (others)
  A wyvern (Lair:3)
  2 dancing weapons
  A wolf (Lair:2)
  A centaur (D:11)
  A spectral bat (D:5)
  A quokka (D:9)
  A kobold (D:9)
  2 plants
10 creatures vanquished.

Grand Total: 260 creatures vanquished

Notes
Turn   | Place    | Note
-------+----------+-------------------------------------------
     0 | D:1      | Morbidden the Spriggan Enchanter began the quest for the
                  | Orb.
     0 | D:1      | Reached XP level 1. HP: 9/9 MP: 5/5
   566 | D:1      | Reached XP level 2. HP: 13/13 MP: 6/6
   588 | D:1      | Upgraded the game from 0.29-a0-504-gec6baf379c to
                  | 0.29-a0-509-g793eeb5391
  1177 | D:2      | Reached XP level 3. HP: 17/17 MP: 8/8
  1203 | D:2      | Learned a level 2 spell: Ensorcelled Hibernation
  1305 | D:2      | Learned a level 3 spell: Confusing Touch
  1607 | D:2      | Found a faded altar of an unknown god.
  2067 | D:3      | Reached skill level 5 in Stealth
  2103 | D:3      | Noticed Ijyb
  2110 | D:3      | Killed Ijyb
  2208 | D:3      | Reached XP level 4. HP: 21/21 MP: 9/9
  2223 | D:3      | Found a shimmering blue altar of Sif Muna.
  2874 | D:4      | Found a shimmering altar of Xom.
  2874 | D:4      | Found a hide-covered altar of Uskayaw.
  2874 | D:4      | Found an ornate altar of the Wu Jian Council.
  2909 | D:4      | Noticed a sky beast
  2914 | D:4      | Killed a sky beast
  2915 | D:4      | Reached skill level 1 in Fighting
  2915 | D:4      | Reached skill level 6 in Stealth
  2915 | D:4      | Reached XP level 5. HP: 17/25 MP: 5/11
  3573 | D:4      | Learned a level 3 spell: Tukima's Dance
  3919 | D:4      | Became a worshipper of the Wu Jian Council
  3938 | D:5      | Entered Level 5 of the Dungeon
  3938 | D:5      | Noticed an ice beast
  3940 | D:5      | Killed an ice beast
  3941 | D:5      | Reached XP level 6. HP: 30/30 MP: 11/13
  4559 | D:5      | Reached skill level 5 in Hexes
  4602 | D:5      | Noticed Menkaure
  4606 | D:5      | Killed Menkaure
  4607 | D:5      | Reached skill level 1 in Ice Magic
  4607 | D:5      | Reached XP level 7. HP: 35/35 MP: 13/15
  4727 | D:5      | Reached skill level 7 in Stealth
  4991 | D:5      | Reached * piety under Wu Jian
  5301 | D:5      | Reached skill level 5 in Spellcasting
  5451 | D:5      | Found a transporter.
  5482 | D:5      | Reached skill level 5 in Dodging
  5488 | D:5      | Noticed Prince Ribbit
  5497 | D:5      | Killed Prince Ribbit
  5498 | D:5      | Reached XP level 8. HP: 39/39 MP: 4/17
  5633 | D:5      | Noticed KateP's ghost (amateur MiFi)
  5660 | D:5      | Found a transporter.
  5801 | D:6      | Noticed Eustachio
  5808 | D:6      | Killed Eustachio
  5848 | D:6      | Found a runed translucent door.
  5849 | D:6      | Noticed Crazy Yiuf
  6008 | D:6      | Reached skill level 8 in Stealth
  6186 | D:6      | Found an opulent altar of Gozag.
  6277 | D:6      | Learned a level 2 spell: Poisonous Vapours
  6306 | D:6      | Noticed Grinder
  6314 | D:6      | Paralysed by Grinder for 2 turns
  6328 | D:6      | Killed Grinder
  6625 | D:6      | Reached skill level 9 in Stealth
  6625 | D:6      | Reached skill level 1 in Poison Magic
  6627 | D:6      | Noticed Edmund
  6630 | D:6      | Killed Edmund
  6631 | D:6      | Reached skill level 1 in Air Magic
  6631 | D:6      | Reached XP level 9. HP: 44/44 MP: 19/19
  6762 | D:6      | Killed Crazy Yiuf
  7282 | D:7      | Found a staircase to the Ecumenical Temple.
  7625 | D:7      | Found Wukile's Distillery.
  7650 | D:7      | Bought a potion of heal wounds for 70 gold pieces
  7650 | D:7      | Bought a potion of curing for 42 gold pieces
  7650 | D:7      | Bought a potion of might for 56 gold pieces
  7833 | D:7      | Reached ** piety under Wu Jian
  7927 | D:8      | Found Piohovud's Distillery.
  7935 | D:8      | Bought a potion of heal wounds for 60 gold pieces
  7935 | D:8      | Bought a potion of heal wounds for 60 gold pieces
  7935 | D:8      | Bought a potion of berserk rage for 60 gold pieces
  8027 | D:8      | Reached skill level 5 in Short Blades
  8027 | D:8      | Reached skill level 10 in Stealth
  8217 | D:8      | Found a snail-covered altar of Cheibriados.
  9250 | D:8      | Reached skill level 1 in Evocations
  9372 | D:8      | Reached skill level 11 in Stealth
  9372 | D:8      | Reached XP level 10. HP: 49/49 MP: 15/22
  9539 | D:9      | Noticed a two-headed ogre
  9540 | D:9      | Killed a two-headed ogre
  9617 | D:9      | Found a staircase to the Orcish Mines.
  9847 | D:9      | Found a shadowy altar of Dithmenos.
  9869 | D:9      | Found a white marble altar of Elyvilon.
  9891 | D:9      | Found a stormy altar of Qazlal.
 10133 | D:9      | Reached *** piety under Wu Jian
 10560 | D:9      | Found Hevvatz's Book Shoppe.
 10571 | D:9      | Identified the +2 scythe of Beuboe {antimagic, *Rage rPois
                  | Str+9 Int-4}
 10637 | D:9      | Found an ancient bone altar of Kikubaaqudgha.
 10746 | D:10     | Entered Level 10 of the Dungeon
 11719 | D:10     | Noticed a gargoyle
 11761 | D:10     | Learned a level 4 spell: Anguish
 11892 | D:11     | Found a staircase to the Lair.
 11899 | D:11     | Reached XP level 11. HP: 50/54 MP: 21/25
 11978 | D:11     | Noticed a red ugly thing
 12090 | D:11     | Reached skill level 12 in Stealth
 12190 | D:11     | Noticed Erolcha
 12203 | D:11     | Killed Erolcha
 12204 | D:11     | Reached skill level 1 in Necromancy
 12368 | D:11     | Noticed a centaur warrior
 12397 | D:11     | Killed a centaur warrior
 12534 | D:11     | Reached **** piety under Wu Jian
 12683 | D:11     | Noticed Urug
 12879 | D:11     | Found a runed translucent gate.
 12879 | D:11     | Found a runed translucent gate.
 12879 | D:11     | Found an opulent altar of Gozag.
 12879 | D:11     | Noticed an obsidian statue
 12880 | D:11     | Found a runed translucent gate.
 12881 | D:11     | Noticed MrShunz's ghost (novice DECj)
 12882 | D:11     | Noticed an orc warlord
 12884 | D:11     | Killed a red ugly thing
 12887 | D:11     | Noticed a lindwurm
 12887 | D:11     | a culicivora changed into a lindwurm
 12966 | D:11     | Killed Urug
 12967 | D:11     | Reached skill level 10 in Spellcasting
 13094 | D:11     | Noticed an ice dragon
 13186 | D:11     | Noticed a broodmother
 13208 | Lair:1   | Entered Level 1 of the Lair of Beasts
 13247 | Lair:1   | Reached skill level 5 in Fighting
 13247 | Lair:1   | Reached skill level 5 in Evocations
 13631 | Lair:1   | Learned a level 5 spell: Metabolic Englaciation
 13851 | Lair:1   | Reached skill level 1 in Armour
 14127 | Lair:2   | Found a white marble altar of Elyvilon.
 14629 | Lair:2   | You fall into a shaft and drop 1 floor!
 14806 | Lair:3   | Reached XP level 12. HP: 50/60 MP: 21/27
 14841 | Lair:3   | Reached skill level 10 in Hexes
 15087 | Lair:3   | Mangled by a komodo dragon

Illustrated notes

Levels and vault maps discovered:
D:1:      sevenhm_arrival_forest_fort_large_4, layout_basic
D:2:      layout_basic, dreamdust_ecumenical_altar_hidden_monk_grotto
D:3:      layout_basic, mainiacjoe_overflow_alcove_4, uniq_ijyb
D:4:      layout_loops_ring, gammafunk_temple_overflow_forgotten
D:5:      layout_rooms, gammafunk_ghost_mausoleum, goddamned_bats,
          uniq_prince_ribbit1, uniq_menkaure
D:6:      layout_rooms, grunt_gozag_statues, minivault_11, uniq_grinder,
          uniq_eustachio, uniq_crazy_yiuf_cottage, uniq_edmund
D:7:      layout_loops_ring, minmay_temple_entry_antechambers, serial_shops,
          nicolae_shop_statue_plus
D:8:      layout_basic, kennysheep_little_box, serial_shops, shop,
          serial_aquarium, aquarium_bridge_straight [aquarium_subvault_bridge,
          aquarium_subvault_window, aquarium_subvault_bridge,
          aquarium_subvault_window], aquarium_window_fake, aquarium_window_2,
          aquarium_window_fake, aquarium_view_2e, aquarium_pool_2,
          minmay_misc_feat_encased
D:9:      layout_rooms, lemuel_coloured_pillars_altar, grunt_qazlal_clouds,
          elyvilon_altar_4, nicolae_dithmenos_shadow_blocks, serial_shops,
          nicolae_square_shop
D:10:     layout_big_octagon, minmay_misc_feat_square
D:11:     layout_gridville, lair_entry_dummy, ebering_ghost_gozag, uniq_erolcha,
          uniq_urug
Lair:1:   layout_roguey
Lair:2:   layout_hall_layers, basic_altar, minivault_23,
          infiniplex_staircase_pool, serial_bayou_shore_b
Lair:3:   layout_hall_layers

Skill      XL: |  1  2  3  4  5  6  7  8  9 10 11 12 |
---------------+-------------------------------------+-----
Hexes          | 4 5 6 7 8 9 10 | 10.0
Dodging        | 3 4 5 6 7 8 9 |  9.2
Stealth        | 5 6 7 9 11 12 | 12.8
Short Blades   | 2 3 4 5 6 7 |  7.1
Spellcasting   | 3 4 5 6 7 9 10 | 10.6
Fighting       | 1 2 3 4 5 |  5.3
Ice Magic      | 1 2 3 |  3.7
Poison Magic   | 1 2 |  2.0
Air Magic      | 1 2 |  2.1
Evocations     | 1 3 5 |  5.8
Necromancy     | 2 |  2.8
Armour         | 1 |  1.3

Action                   |  1- 3 |  4- 6 |  7- 9 | 10-12 || total
-------------------------+-------+-------+-------+-------++-------
Melee: Dagger            |    97 |    90 |   255 |   333 ||   775
       Punch             |     1 |       |     1 |     3 ||     5
 Cast: Ensorcelled Hiber |     6 |    29 |   104 |   107 ||   246
       Confusing Touch   |       |       |     4 |    10 ||    14
       Tukima's Dance    |       |       |     2 |    12 ||    14
       Poisonous Vapours |       |       |       |    22 ||    22
       Anguish           |       |       |       |     5 ||     5
       Metabolic Englaci |       |       |       |     3 ||     3
Invok: Lunge             |       |     3 |    33 |    29 ||    65
       Whirlwind         |       |       |     8 |    25 ||    33
       Serpent's Lash    |       |       |       |     1 ||     1
 Abil: Wall Jump         |       |       |       |     6 ||     6
Evoke: Wand              |       |     2 |       |     1 ||     3
  Use: Scroll            |       |       |       |    11 ||    11
       Potion            |       |       |       |     2 ||     2
 Stab: Sleeping          |    17 |    19 |    63 |    60 ||   159
       Confused          |       |       |     4 |     7 ||    11
       Distracted        |       |       |     1 |     1 ||     2
Armor: Robe              |     8 |     3 |    22 |     3 ||    36
       Acid dragon scale |       |       |       |     2 ||     2
       Troll leather arm |       |       |       |    31 ||    31
Dodge: Dodged            |    73 |    63 |   260 |   305 ||   701

Table legend: (Time is in decaauts)
 A = Elapsed time spent in this place.
 B = Non-inter-level travel time spent in this place.
 C = Inter-level travel time spent in this place.
 D = Time resting spent in this place.
 E = Time spent auto-exploring this place.
 F = Levels seen in this place.
 G = Mean time per level.
                   A        B        C        D        E       F      G
               +--------+--------+--------+--------+--------+-----+--------+
         Total |  11725 |  11519 |    206 |   2711 |   6601 |  14 |  837.5 |
       Dungeon |  10319 |  10150 |    169 |   2448 |   5786 |  11 |  938.1 |
          Lair |   1406 |   1369 |     37 |    263 |    814 |   3 |  468.7 |
               +--------+--------+--------+--------+--------+-----+--------+

Top non-repeatable levels by time:
     D:5: 1435 daAuts
     D:9: 1293 daAuts
     D:7: 1167 daAuts
     D:8: 1135 daAuts
     D:4: 1109 daAuts
    D:11: 833 daAuts
     D:3: 755 daAuts
     D:1: 755 daAuts
     D:6: 692 daAuts
  Lair:1: 672 daAuts
     D:2: 590 daAuts
    D:10: 549 daAuts
  Lair:2: 457 daAuts
  Lair:3: 276 daAuts
